 Dungeon Crawl Stone Soup version 0.25-a0-566-g062765be81 (webtiles) character file.

Game seed: 7534531612631359878, levelgen mode: deterministic

2342 OlivierWah the Cleaver (level 9, -1/85 HPs)
             Began as a Minotaur Fighter on Jan 22, 2020.
             Was an Initiate of Makhleb.
             Succumbed to a killer bee's poison
             ... on level 7 of the Dungeon on Feb 28, 2020.
             The game lasted 00:13:29 (4833 turns).

OlivierWah the Cleaver (Minotaur Fighter)           Turns: 4833, Time: 00:13:30

Health: -1/85      AC: 12    Str: 21 (23) XL:     9   Next: 20%
Magic:  8/8        EV:  3    Int:  3 (5)  God:    Makhleb [......]
Gold:   279        SH:  9    Dex: 10 (11) Spells: 8/8 levels left

rFire    . . .     SeeInvis .   a - +1 war axe
rCold    . . .     Gourm    .   c - +0 kite shield
rNeg     . . .     Faith    .   o - +1 plate armour
rPois    .         Spirit   .   (helmet restricted)
rElec    .         Reflect  .   (no cloak)
rCorr    .         Harm     .   (no gloves)
MR       +....                  (no boots)
Stlth    ..........             (no amulet)
HPRegen  0.24/turn              j - ring of protection from magic
MPRegen  0.11/turn              (no ring)

@: lethally poisoned (-1 -> -17)
A: retaliatory headbutt, horns 2, talons 1
a: Renounce Religion


You were on level 7 of the Dungeon.
You worshipped Makhleb.
Makhleb was noncommittal.
You were hungry.

You visited 2 branches of the dungeon, and saw 8 of its levels.

You collected 279 gold pieces.

Inventory:

Hand Weapons
 a - a +1 war axe (weapon)
Armour
 b - a +0 scale mail
 c - a +0 kite shield (worn)
 o - a +1 plate armour (worn)
Jewellery
 j - a ring of protection from magic (left hand)
Wands
 g - a wand of polymorph (7)
 w - a wand of random effects (13)
Scrolls
 d - a scroll of fear
 e - 2 scrolls of remove curse
 i - 5 scrolls of identify
 n - a scroll of amnesia
 q - a scroll of magic mapping
 t - a scroll of enchant armour
Potions
 p - a potion of lignification
Comestibles
 f - 18 rations


   Skills:
 + Level 9.8 Fighting
 - Level 11.6 Axes
 - Level 3.6 Armour
 - Level 3.6 Shields


You had 8 spell levels left.
You didn't know any spells.
Your spell library was empty.

Dungeon Overview and Level Annotations

Branches:
Dungeon (7/15)             Temple (1/1) D:6

Altars:
Cheibriados
Dithmenos
Elyvilon
Fedhas
Gozag
Hepliaklqana
Kikubaaqudgha
Makhleb
Nemelex Xobeh
Qazlal
Sif Muna
Trog
Vehumet
Wu Jian
Xom
Yredelemnul
Zin
The Shining One

Shops:
D:7 :


Innate Abilities, Weirdness & Mutations

You reflexively headbutt those who attack you in melee.
You have a pair of horns on your head.
You have sharp toenails.


Message History

You feel very sick.
The killer bee stings you but does no damage.
You block the killer bee's attack.
Unknown command.
You cannot move.
You hit the killer bee.
The killer bee is severely wounded.
* * * LOW HITPOINT WARNING * * *
You feel sick.
The killer bee stings you but does no damage. x2
Your magical effects are unravelling.
You feel magically purged.
You feel less wooden.
Your +1 plate armour unmelds from your body.
* * * LOW HITPOINT WARNING * * *
You feel sick. You block the killer bee's attack. x2
Your shield and plate armour prevent you from hitting the killer bee.
Your kick misses the killer bee. Your headbutt misses the killer bee.
The killer bee is severely wounded.
You die...

......#....##...##......####.....
......#..y####.####.....# ####..
....?....## #+# ##.#######.....
...>.....# ##.......+.....
###.......# ##........#.....
#....##..# ##.........#.....
#.........# ##........##......
............###y..####....∩.....
......y........†@..# #..........
.............###†..# #..........
....... ##### ######......
....... #....#...... ####...
#....#...... .... #......#####
...$. #......# #. ....##
#......####. #...........


You could see a killer bee.

Vanquished Creatures
  Grinder (D:4)
  Eustachio (D:4)
  Menkaure (D:4)
  A water moccasin (D:7)
  An orc warrior (D:4)
  A sky beast (D:5)
  A black bear (D:6)
  3 ogres
  A centaur (D:5)
  3 bullfrogs
  5 killer bees (D:7)
  A howler monkey (D:4)
  A crimson imp (D:6)
  A centaur zombie (D:5)
  2 hounds
  An orc wizard (D:4)
  A centaur skeleton (D:5)
  2 iguanas
  Natasha (thrice) (D:4)
  6 worker ants
  A killer bee zombie (D:5)
  A hound skeleton (D:5)
  A worker ant zombie (D:5)
  5 gnolls
  9 adders
  3 oozes
  An adder skeleton (D:5)
  2 worms
  2 dart slugs
  2 leopard geckos (D:1)
  8 orcs
  A bat zombie (D:1)
  3 giant cockroaches
  7 goblins
  4 hobgoblins
  9 jackals
  4 quokkas
  2 ball pythons
  A ball python skeleton (D:5)
  10 bats
  4 frilled lizards
  A giant cockroach zombie (D:1)
  A jackal skeleton (D:4)
  A jackal zombie (D:5)
  6 kobolds
  A leopard gecko zombie (D:5)
  7 rats
134 creatures vanquished.

Notes
Turn   | Place    | Note
-------+----------+-------------------------------------------
     0 | D:1      | OlivierWah the Minotaur Fighter began the quest for the
                  | Orb.
     0 | D:1      | Reached XP level 1. HP: 19/19 MP: 0/0
    69 | D:1      | Reached skill level 3 in Axes
    80 | D:1      | Reached XP level 2. HP: 24/26 MP: 1/1
   284 | D:1      | Reached skill level 4 in Axes
   338 | D:1      | Reached XP level 3. HP: 23/31 MP: 2/2
   874 | D:2      | Reached skill level 5 in Axes
   874 | D:2      | Reached XP level 4. HP: 39/39 MP: 3/3
  1074 | D:2      | Reached skill level 6 in Axes
  1243 | D:2      | Reached XP level 5. HP: 42/45 MP: 4/4
  1452 | D:3      | Upgraded the game from 0.25-a0-424-g80bd347ae0 to
                  | 0.25-a0-566-g062765be81
  1740 | D:3      | Reached skill level 7 in Axes
  1984 | D:3      | Found a faded altar of an unknown god.
  2172 | D:4      | Reached XP level 6. HP: 46/51 MP: 5/5
  2188 | D:4      | Noticed an orc warrior
  2189 | D:4      | Noticed Eustachio
  2249 | D:4      | Noticed Natasha
  2254 | D:4      | Killed Natasha
  2254 | D:4      | Reached skill level 8 in Axes
  2283 | D:4      | Killed Eustachio
  2293 | D:4      | Noticed Natasha
  2300 | D:4      | Killed Natasha
  2300 | D:4      | Reached skill level 9 in Axes
  2314 | D:4      | Killed an orc warrior
  2314 | D:4      | Reached XP level 7. HP: 33/57 MP: 6/6
  2315 | D:4      | Noticed Natasha
  2323 | D:4      | Killed Natasha
  2609 | D:4      | Reached skill level 10 in Axes
  2613 | D:4      | Noticed Grinder
  2623 | D:4      | Killed Grinder
  2623 | D:4      | Reached skill level 11 in Axes
  2634 | D:4      | Noticed Menkaure
  2927 | D:4      | Gained mutation: You have sharp toenails. [potion of
                  | mutation]
  2927 | D:4      | Gained mutation: You evolve. [potion of mutation]
  2936 | D:4      | Killed Menkaure
  2936 | D:4      | Reached XP level 8. HP: 24/64 MP: 7/7
  3204 | D:4      | Found a snail-covered altar of Cheibriados.
  3234 | D:5      | Entered Level 5 of the Dungeon
  3365 | D:5      | Reached skill level 5 in Fighting
  3704 | D:6      | Found an opulent altar of Gozag.
  3911 | D:6      | Found a stormy altar of Qazlal.
  3917 | D:6      | Found a blossoming altar of Fedhas.
  4122 | D:6      | Found a staircase to the Ecumenical Temple.
  4131 | Temple   | Entered the Ecumenical Temple
  4210 | Temple   | Became a worshipper of Makhleb the Destroyer
  4361 | D:7      | Found Qyddeq's Book Emporium.
  4378 | D:7      | Reached XP level 9. HP: 43/82 MP: 8/8
  4495 | D:7      | Lost mutation: You evolve. [end of evolution]
  4830 | D:7      | HP: 6/127 [poisoned by a killer bee]
  4832 | D:7      | HP: 1/85 [poisoned by a killer bee]
  4833 | D:7      | Succumbed to a killer bee's poison

Levels and vault maps discovered:
D:1:      saegor_arrival_fortress, layout_loops_ring, minmay_distorted
D:2:      layout_rooms
D:3:      layout_basic, chequers_ecumenical_altar_island, chequers_avenue,
          supply_closet_lemuel
D:4:      layout_loops_ring, kennysheep_little_box, uniq_eustachio,
          uniq_natasha, uniq_grinder, uniq_menkaure
D:5:      layout_rooms, first_ration, serial_undead, serial_undead_e,
          serial_undead_f, serial_undead_f, serial_undead_a
D:6:      layout_gridville, grunt_temple_overflow_forces_of_nature,
          nicolae_gozag_seed_capital, minmay_temple_entry_fiery
D:7:      layout_basic, ebering_ghost_inner_flame, serial_shops, shop, shop,
          shop, shop, nemelex_lonely_heart_becter, uniq_maggie
Temple:   eino_temple_lava

Skill      XL: |  1  2  3  4  5  6  7  8  9 |
---------------+----------------------------+-----
Axes           | 3 4 5 6 7 9 11 | 11.6
Fighting       | 8 9 |  9.8
Armour         | |  3.6
Shields        | |  3.6

Action                   |  1- 3 |  4- 6 |  7- 9 || total
-------------------------+-------+-------+-------++-------
Melee: War axe           |    53 |   160 |   165 ||   378
       Headbutt          |     6 |    20 |    33 ||    59
       Kick              |       |       |    32 ||    32
  Use: Potion            |     2 |     2 |     9 ||    13
       Scroll            |       |     8 |     5 ||    13
  Eat: Chunk             |       |     4 |     8 ||    12
Armor: Scale mail        |    28 |    17 |       ||    45
       Plate armour      |       |    64 |    88 ||   152
       Skin              |       |     2 |    25 ||    27
Dodge: Dodged            |    15 |    32 |    27 ||    74
Block: Kite shield       |    30 |    72 |    98 ||   200

Table legend:
 A = Non-vault XP
 B = Vault XP
 C = Vault XP percentage of total XP
 D = Non-vault monster count
 E = Vault monster count
 F = Vault count percentage of total count
                 A         B        C        D         E       F
            +---------+---------+-------+---------+---------+-------
      Total |    2523 |     823 |  24.6 |     117 |      17 |  12.7
            +---------+---------+-------+---------+---------+-------
        D:1 |      58 |       7 |  10.8 |      21 |       5 |  19.2
        D:2 |     139 |       0 |   0.0 |      26 |       0 |   0.0
        D:3 |     142 |       0 |   0.0 |      24 |       0 |   0.0
        D:4 |     554 |     667 |  54.6 |      17 |       4 |  19.0
        D:5 |     316 |     149 |  32.0 |       8 |       8 |  50.0
        D:6 |     471 |       0 |   0.0 |       8 |       0 |   0.0
        D:7 |     843 |       0 |   0.0 |      13 |       0 |   0.0
            +---------+---------+-------+---------+---------+-------
